 Seeded DCSS version 0.29.1-15-g9cfb28693d (webtiles) character file.

Game seed: 14132077322704555735 (custom seed)

67212 Gelion the Devastator (level 14, -2/86 HPs)
             Began as a Deep Elf Fire Elementalist on Mar 29, 2023.
             Was a High Priest of Vehumet.
             Constricted to death by a naga warrior (3 damage)
             ... on level 1 of the Snake Pit.
             The game lasted 01:15:22 (17638 turns).

Gelion the Devastator (Deep Elf Fire Elementalist) Turns: 17638, Time: 01:15:22

Health: -2/86      AC: 11    Str:  5    XL:     14   Next: 82%
Magic:  6/34       EV: 16    Int: 32    God:    Vehumet [*****.]
Gold:   1333       SH:  0    Dex: 15    Spells: 9/42 levels left

rFire   . . .      SeeInvis .   q - staff of conjuration
rCold   . . .      Faith    .   (no shield)
rNeg    . . .      Spirit   .   F - +0 steam dragon scales
rPois   +          Reflect  .   u - +2 helmet
rElec   +          Harm     .   P - scarf {shadows}
rCorr   +          Rampage  .   f - +1 pair of gloves of the Arcane {+Blink rElec rCorr}
Will    +....                   c - +0 pair of boots
Stlth   ++........              i - amulet of Vitality {RegenMP++ Regen++}
HPRegen 1.84/turn               I - ring of poison resistance
MPRegen 1.04/turn               G - +6 ring of intelligence

@: marked, constricted
A: no striking features
a: Renounce Religion, Evoke Blink


You were on level 1 of the Snake Pit.
You worshipped Vehumet.
Vehumet was extremely pleased with you.
You visited 4 branches of the dungeon, and saw 21 of its levels.
You also visited: Sewer and Ossuary.

You collected 1333 gold pieces.

Inventory:

Missiles
 d - 7 silver javelins
Armour
 c - a +0 pair of boots (worn)
 f - the +1 pair of gloves of the Arcane (worn) {+Blink rElec rCorr}
   (You acquired it on level 1 of the Lair of Beasts)

   rElec:     It insulates you from electricity.
   +Blink:    It lets you blink.
   rCorr:     It protects you from acid and corrosion.
 u - a +2 helmet (worn)
 F - +0 steam dragon scales (worn)
 K - a +2 cloak
 P - a scarf of shadows (worn)
Magical Staves
 q - a staff of conjuration (weapon)
Jewellery
 h - a ring of flight
 i - the amulet of Vitality (around neck) {RegenMP++ Regen++}
   (You found it in a sewer)

   [amulet of magic regeneration]

   It increases your rate of magic regeneration.
   Regen:     It increases your rate of health regeneration.
 G - a +6 ring of intelligence (right hand)
 I - a ring of poison resistance (left hand)
 O - a ring of see invisible
Wands
 a - a wand of mindburst (14)
 j - a wand of polymorph (5)
 r - a wand of flame (57)
 H - a wand of charming (24)
 L - a wand of light (8)
Scrolls
 l - 3 scrolls of enchant armour
 t - 14 scrolls of teleportation
 w - a scroll of fog
 y - 10 scrolls of poison
 z - a scroll of blinking
 B - a scroll of brand weapon
 C - 2 scrolls of magic mapping
 D - 3 scrolls of fear
 J - 3 scrolls of identify
 N - a scroll of amnesia
 R - a scroll of immolation {unknown}
Potions
 b - 5 potions of magic
 e - 10 potions of curing
 g - 5 potions of resistance
 k - 3 potions of berserk rage
 m - 4 potions of lignification
 n - 2 potions of ambrosia
 o - 5 potions of brilliance
 p - 2 potions of mutation
 s - 6 potions of flight
 v - 2 potions of might
 x - 6 potions of heal wounds
 A - 2 potions of attraction
 E - 3 potions of cancellation
 M - 3 potions of haste
 Q - a potion of invisibility


   Skills:
 + Level 9.2 Fighting
 + Level 13.2 Dodging
 - Level 2.4 Stealth
 + Level 14.5 Spellcasting
 * Level 16.9 Conjurations
 + Level 12.5 Fire Magic


You had 9 spell levels left.
You knew the following spells:

 Your Spells              Type           Power      Damage    Failure   Level
a - Foxfire               Conj/Fire      100%       2x1d9     0%          1
b - Scorch                Fire           100%       2d10      0%          2
c - Flame Wave            Conj/Fire      100%       2d21      1%          4
d - Fireball              Conj/Fire      54%        3d21      1%          5
e - Starburst             Conj/Fire      54%        6d15      1%          6
f - Frozen Ramparts       Ice            46%        1d7       1%          3
g - Iskenderun's Battles  Conj           100%       2d15      1%          5
h - Orb of Destruction    Conj           57%        9d14      1%          7

Your spell library contained the following spells:

 Spells                   Type           Power      Damage    Failure   Level
 Lightning Bolt           Conj/Air       43%        1d62      1%          5
 Magic Dart               Conj           100%       1d8       0%          1
 Searing Ray              Conj           100%       2d8       0%          2
 Conjure Flame            Conj/Fire      100%       6-21      0%          3
 Sting                    Tmut/Pois      92%        1d7       1%          1
 Poisonous Vapours        Pois/Air       46%        N/A       1%          2
 Ignite Poison            Fire/Tmut/Pois 49%        N/A       1%          3
 Inner Flame              Hex/Fire       59%        N/A       1%          3
 Fulminant Prism          Conj/Hex       43%        3d20      1%          4
 Sticky Flame             Conj/Fire      100%       2d11      1%          4
 Conjure Ball Lightning   Conj/Air       43%        3x3d15    2%          6
 Ensorcelled Hibernation  Hex/Ice        46%        N/A       3%          2
 Passwall                 Tmut/Erth      19%        N/A       3%          2
 Sublimation of Blood     Necr           23%        N/A       3%          2
 Wereblood                Tmut           23%        N/A       3%          2
 Olgreb's Toxic Radiance  Pois           23%        N/A       5%          4
 Ozocubu's Armour         Ice            23%        N/A       6%          3
 Portal Projectile        Hex/Tloc       46%        N/A       6%          3
 Swiftness                Air            23%        N/A       6%          3
 Tukima's Dance           Hex            23%        N/A       6%          3
 Ignition                 Fire           40%        3d12      19%         8
 Blade Hands              Tmut           11%        N/A       47%         5
 Metabolic Englaciation   Hex/Ice        11%        N/A       47%         5
 Simulacrum               Ice/Necr       11%        N/A       96%         6
 Summon Cactus Giant      Summ           11%        N/A       96%         6
 Summon Hydra             Summ           11%        N/A       100%        7


Dungeon Overview and Level Annotations

Branches:
Dungeon (13/15)            Temple (1/1) D:5            Lair (5/5) D:11
 Shoals (0/4) Lair:3        Snake (2/4) Lair:2        Slime (0/5) Lair:5
    Orc (0/2) D:10          Sewer (visited)         Ossuary (visited)
 Vaults: D:13-14

Altars:
Ashenzari
Cheibriados
Dithmenos
Elyvilon
Fedhas
Gozag
Hepliaklqana
Kikubaaqudgha
Makhleb
Nemelex Xobeh
Okawaru
Qazlal
Ru
Sif Muna
Trog
Uskayaw
Vehumet
Wu Jian
Xom
Yredelemnul
Zin
The Shining One
Jiyva

Shops:
D:3 (   D:7 *


Message History

Blink to where?
Press: ? - help, Dir - move target A naga warrior comes into view.
It is wielding a +0 scimitar.
As you read the scroll of blinking, it crumbles to dust.
The shock serpent shoots out a bolt of lightning at you!
The bolt of electricity hits you! You resist.
The naga warrior barely misses you. The naga warrior completely misses you.
The naga warrior spits poison at you.
The splash of poison hits you but does no damage.
You resist.
The naga warrior hits you with a +0 scimitar!!
* * * LOW HITPOINT WARNING * * *
The naga warrior misses you.
There is a stone staircase leading up, spattered with blood here.
The naga no longer looks unusually strong.
The black mamba completely misses you. The naga warrior spits poison at you.
The splash of poison misses you.
You climb upwards.
There is a stone staircase leading down here.
Casting: Starburst (dangerous; 1% risk of failure)
Confirm with . or Enter, or press ? or * to list all spells.
Casting: Starburst (dangerous; 1% risk of failure)
Press: ? - help, Dir - look around, f - activate You feel a surge of power!
The bolt of fire hits the black mamba!!!
You kill the black mamba!
Vehumet accepts your kill.
You feel your power returning.
The bolt of fire hits the naga warrior!!!
The naga warrior is heavily wounded.
The naga warrior hits you with a +0 scimitar!!
* * * LOW HITPOINT WARNING * * *
The naga warrior grabs you. The naga warrior constricts you.
* * * LOW HITPOINT WARNING * * *
You feel much better.
The naga warrior hits you with a +0 scimitar!!
* * * LOW HITPOINT WARNING * * *
The naga warrior constricts you.
You die...

#..........# #.########.# #.#
#.# #.# #.# #.# #.# #.# #.#
#.# ######.#
#.###...##.#######
...............N@#
#.###......#####'######## #.#
#....### #..........#########
#.# #....#
#..........'........ #.#
#....# #..........#########
#.# #....#
#................... #.#
#....### #...............###.
#.# #......#
#................##. #.#
#...##.###..............#.##.


You could see a naga warrior.

Vanquished Creatures
  Nessos (Lair:5)
  The ghost of Affec the Thaumaturge, a journeyman DjIE of Jiyva (Lair:2)
  5 anacondas
  5 hydras
  3 naga warriors
  3 boulder beetles (D:11)
  2 catoblepae
  2 two-headed ogres
  Erica (Lair:2)
  A deep troll shaman (Lair:5)
  2 naga sharpshooters
  3 death yaks (Lair:5)
  Urug (Lair:2)
  A salamander mystic (Snake:2)
  A glowing orange brain (Lair:2)
  3 naga ritualists
  A lindwurm (Lair:5)
  6 mana vipers
  An ugly thing (D:12)
  3 oklob plants
  2 cyclopes (D:11)
  4 salamanders
  25 elephants
  A manticore (D:13)
  A guardian serpent (Lair:2)
  An eye of devastation (Lair:5)
  20 black mambas
  A naga mage (Snake:1)
  Maggie (D:7)
  5 cane toads
  13 komodo dragons
  A merfolk (Lair:3)
  2 trolls
  2 polar bears
  3 slime creatures (Lair:2)
  8 blink frogs
  A wraith (Ossuary)
  A vampire (D:13)
  6 wyverns
  27 yaks
  3 basilisks
  3 steam dragons
  5 vampire mosquitoes
  Edmund (D:4)
  5 nagas
  17 water moccasins
  3 acid dragons
  Duvessa (D:7)
  A floating eye (Lair:5)
  6 orc warriors
  3 black bears
  2 ice beasts
  26 wolves
  5 centaurs
  7 bullfrogs
  3 kobold brigands
  2 necrophages
  2 gnoll sergeants (D:9)
  5 wights (D:9)
  Dowan (D:7)
  7 killer bees (D:10)
  2 howler monkeys (D:6)
  2 electric eels
  2 hounds (D:5)
  3 jellies
  A gnoll bouda (D:9)
  6 orc priests
  A human zombie (Ossuary)
  Natasha (thrice) (D:2)
  An iguana (D:5)
  5 orc wizards
  9 hell rats
  3 mummies (Ossuary)
  Robin (D:4)
  11 gnolls
  11 adders
  3 white imps
  2 ufetubi
  5 dart slugs
  47 orcs
  18 ball pythons
  2 bats
  14 endoplasms
  13 giant cockroaches
  A gnoll zombie (Ossuary)
  11 hobgoblins
  9 jackals
  15 kobolds
  11 quokkas
  2 training dummies (D:7)
  12 frilled lizards
  14 goblins
  2 goblin zombies (Ossuary)
  3 hobgoblin zombies (Ossuary)
  2 kobold zombies (Ossuary)
  5 rats
  12 bushes
543 creatures vanquished.

Vanquished Creatures (collateral kills)
  A foxfire (D:1)
1 creature vanquished.

Vanquished Creatures (others)
  1067 foxfires
  19 fungi
  121 plants
1207 creatures vanquished.

Grand Total: 1751 creatures vanquished

Notes
Turn   | Place    | Note
-------+----------+-------------------------------------------
     0 | D:1      | Gelion the Deep Elf Fire Elementalist began the quest for
                  | the Orb.
     0 | D:1      | Reached XP level 1. HP: 10/10 MP: 6/6
   229 | D:1      | Reached XP level 2. HP: 16/16 MP: 5/8
   298 | D:1      | Found a faded altar of an unknown god.
   392 | D:1      | Reached skill level 2 in Conjurations
   649 | D:1      | Reached XP level 3. HP: 20/20 MP: 5/9
  1187 | D:2      | Noticed Natasha
  1193 | D:2      | Killed Natasha
  1194 | D:2      | Reached skill level 1 in Fighting
  1194 | D:2      | Reached XP level 4. HP: 25/25 MP: 7/11
  1209 | D:2      | Noticed Natasha
  1213 | D:2      | Killed Natasha
  1214 | D:2      | Reached skill level 3 in Conjurations
  1318 | D:2      | Noticed Natasha
  1326 | D:2      | Killed Natasha
  1327 | D:2      | Reached XP level 5. HP: 28/29 MP: 9/13
  2167 | D:3      | Found Muely's Weapon Shoppe.
  2293 | D:3      | Learned a level 2 spell: Scorch
  2717 | D:4      | Noticed a black bear
  2723 | D:4      | Noticed Edmund
  2727 | D:4      | Killed a black bear
  2728 | D:4      | Reached skill level 4 in Conjurations
  2728 | D:4      | Reached XP level 6. HP: 28/35 MP: 7/14
  3032 | D:4      | Noticed Robin
  3424 | D:4      | Killed Robin
  3887 | D:4      | Learned a level 4 spell: Flame Wave
  4101 | D:4      | Killed Edmund
  4102 | D:4      | Reached XP level 7. HP: 17/40 MP: 2/16
  4523 | D:5      | Entered Level 5 of the Dungeon
  4553 | D:5      | Identified the +1 pair of gloves "Zeust" {Str+4}
  4569 | D:5      | Found a staircase to the Ecumenical Temple.
  4617 | D:5      | Reached skill level 5 in Spellcasting
  4723 | D:5      | Reached skill level 5 in Conjurations
  4777 | D:5      | Found a glowing drain.
  4787 | Sewer    | Entered a sewer
  5401 | Sewer    | Found the amulet of Vitality {RegenMP++ Regen++}
  5411 | Sewer    | Reached skill level 5 in Fire Magic
  5572 | D:5      | Found a burning altar of Makhleb.
  5625 | D:5      | Found a glowing silver altar of Zin.
  5625 | D:5      | Noticed an angel
  5626 | D:5      | Noticed an Executioner
  5700 | D:5      | Found a hide-covered altar of Uskayaw.
  5700 | D:5      | Found a bloodstained altar of Trog.
  5728 | D:5      | Reached skill level 5 in Dodging
  5861 | D:5      | Reached XP level 8. HP: 45/45 MP: 18/18
  5980 | D:5      | Identified the +4 hand axe "Gonlasmo" {vorpal, Dex+2}
  6111 | D:5      | Reached skill level 6 in Conjurations
  6432 | D:6      | Found a sand-covered staircase.
  6440 | Ossuary  | Entered an ossuary
  7082 | D:6      | Reached skill level 7 in Conjurations
  7592 | Temple   | Entered the Ecumenical Temple
  7629 | Temple   | Became a worshipper of Vehumet
  7895 | D:7      | Noticed Duvessa
  7896 | D:7      | Noticed Dowan
  7908 | D:7      | Killed Duvessa
  7909 | D:7      | Reached XP level 9. HP: 47/51 MP: 19/21
  7916 | D:7      | Killed Dowan
  8036 | D:7      | Noticed Maggie
  8045 | D:7      | Killed Maggie
  8215 | D:7      | Reached skill level 8 in Conjurations
  8262 | D:7      | Noticed a troll
  8273 | D:7      | Killed a troll
  8522 | D:7      | Found Lipaisik's General Store.
  8685 | D:8      | Learned a level 5 spell: Fireball
  8882 | D:8      | Found a white marble altar of Elyvilon.
  8957 | D:8      | Reached * piety under Vehumet
  8957 | D:8      | Offered knowledge of Shock by Vehumet.
  9314 | D:9      | Reached skill level 9 in Conjurations
  9468 | D:9      | Reached XP level 10. HP: 58/58 MP: 13/24
  9603 | D:9      | Reached ** piety under Vehumet
  9603 | D:9      | Offered knowledge of Freeze by Vehumet.
  9648 | D:9      | Found a snail-covered altar of Cheibriados.
  9725 | D:9      | Noticed a two-headed ogre
  9730 | D:9      | Killed a two-headed ogre
  9731 | D:9      | Reached skill level 5 in Fighting
 10041 | D:10     | Entered Level 10 of the Dungeon
 10098 | D:10     | Reached skill level 10 in Conjurations
 10179 | D:10     | Offered knowledge of Ignite Poison by Vehumet.
 10251 | D:10     | You fall into a shaft and drop 3 floors!
 10258 | D:13     | Noticed a manticore
 10270 | D:13     | Killed a manticore
 10318 | D:12     | Noticed a red ugly thing
 10328 | D:12     | Killed a red ugly thing
 10339 | D:12     | Reached *** piety under Vehumet
 10342 | D:12     | Reached XP level 11. HP: 44/64 MP: 10/26
 10370 | D:11     | Noticed a boulder beetle
 10395 | D:11     | Killed a boulder beetle
 10396 | D:11     | Reached skill level 11 in Conjurations
 10632 | D:10     | Learned a level 6 spell: Starburst
 10674 | D:10     | Offered knowledge of Frozen Ramparts by Vehumet.
 10683 | D:10     | Found a staircase to the Orcish Mines.
 10924 | D:11     | Noticed a boulder beetle
 10933 | D:11     | Killed a boulder beetle
 10955 | D:11     | Noticed a two-headed ogre
 10958 | D:11     | Killed a two-headed ogre
 10959 | D:11     | Reached skill level 10 in Spellcasting
 11123 | D:11     | Identified the +3 falchion of the Lonely Friends {protect,
                  | rC+ Int+7}
 11171 | D:11     | Noticed a boulder beetle
 11181 | D:11     | Killed a boulder beetle
 11211 | D:11     | Found a staircase to the Lair.
 11213 | D:11     | Noticed an oklob plant
 11254 | D:11     | Killed an oklob plant
 11255 | D:11     | Reached skill level 12 in Conjurations
 11303 | D:11     | Learned a level 3 spell: Frozen Ramparts
 11427 | D:11     | Found a bloodstained altar of Trog.
 11598 | Lair:1   | Entered Level 1 of the Lair of Beasts
 11753 | Lair:1   | Reached **** piety under Vehumet
 12066 | Lair:2   | Found a staircase to the Snake Pit.
 12094 | Lair:1   | Noticed an oklob plant
 12100 | Lair:1   | Killed an oklob plant
 12107 | Lair:1   | Reached XP level 12. HP: 71/71 MP: 17/29
 12154 | Lair:1   | Identified a scroll of acquirement
 12154 | Lair:1   | Acquired the +1 pair of gloves of the Arcane {+Blink rElec
                  | rCorr}
 12375 | Lair:2   | Noticed Erica
 12425 | Lair:2   | Reached skill level 10 in Dodging
 12435 | Lair:2   | Noticed Urug
 12465 | Lair:2   | Killed Urug
 12503 | Lair:2   | Reached skill level 13 in Conjurations
 12519 | Lair:2   | Offered knowledge of Yara's Violent Unravelling by Vehumet.
 12579 | Lair:2   | Killed Erica
 12652 | Lair:2   | Found a runed translucent gate.
 12652 | Lair:2   | Found a runed translucent gate.
 12654 | Lair:2   | Found a runed translucent gate.
 12656 | Lair:2   | Noticed Affec's ghost (journeyman DjIE)
 12676 | Lair:2   | Found a viscous altar of Jiyva.
 12740 | Lair:2   | Reached skill level 10 in Fire Magic
 13275 | Lair:3   | Noticed a catoblepas
 13281 | Lair:3   | Killed a catoblepas
 13402 | Lair:3   | Noticed a six-headed hydra
 13407 | Lair:3   | Killed a six-headed hydra
 13478 | Lair:3   | Found a staircase to the Shoals.
 13520 | Lair:3   | Reached skill level 14 in Conjurations
 13946 | Lair:4   | Reached XP level 13. HP: 76/76 MP: 22/31
 14048 | Lair:4   | Reached ***** piety under Vehumet
 14150 | Lair:4   | Offered knowledge of Olgreb's Toxic Radiance by Vehumet.
 14188 | Lair:4   | Found a blossoming altar of Fedhas.
 15167 | Lair:5   | Entered Level 5 of the Lair of Beasts
 15482 | Lair:5   | Noticed Nessos
 15486 | Lair:5   | Killed Nessos
 15490 | Lair:5   | Reached skill level 15 in Conjurations
 15810 | Lair:5   | Found a staircase to the Slime Pits.
 16110 | Lair:5   | Reached XP level 14. HP: 84/84 MP: 19/33
 16240 | Lair:5   | Identified the +10 rapier of Amienua {flame, rCorr}
 16243 | Lair:5   | Identified the +6 short sword "Jadwawug" {protect, +Blink
                  | Int+6}
 16454 | Snake:1  | Entered Level 1 of the Snake Pit
 16539 | Snake:2  | Reached skill level 16 in Conjurations
 16721 | Lair:2   | Learned a level 5 spell: Iskenderun's Battlesphere
 16729 | Lair:2   | Learned a level 7 spell: Orb of Destruction
 16744 | Lair:2   | Offered knowledge of Lightning Bolt by Vehumet.
 16767 | Lair:2   | Killed Affec's ghost
 17637 | Snake:1  | HP: 3/86 [naga warrior/+0 scimitar (26)]
 17637 | Snake:1  | HP: 1/86 [constriction (2)]
 17638 | Snake:1  | Constricted to death by a naga warrior

Illustrated notes

Levels and vault maps discovered:
D:1:      wheals_arrival_shading, layout_basic, shapermc_ecumenical_altar_petra,
          nicolae_grassy_gnolls
D:2:      layout_rooms, chequers_serial_rivers_room_a, uniq_natasha
D:3:      layout_rooms, serial_shops, shop
D:4:      layout_cave_pods, chequers_mini_garden, uniq_edmund, uniq_robin
D:5:      minmay_spotlight, layout_basic,
          grunt_temple_overflow_order_and_chaos_2,
          chequers_temple_overflow_statue_of_worship, minmay_temple_entry_grid,
          gup_sewer_entry_pipe, serial_corexii_hall,
          chequers_hall_statues_corner_a, chequers_hall_statues_y,
          chequers_hall_statues_y, corexii_hall_statues_l
D:6:      layout_basic, chequers_ossuary_entry_cave, serial_bayou_ford_a
D:7:      dreamdust_elfheim, layout_loops_corners, serial_shops,
          nicolae_square_shop, uniq_maggie, uniq_duvessa
D:8:      layout_basic, mainiacjoe_overflow_cross_hatched
D:9:      layout_roguey, lemuel_crystal_altar, grunt_ministairs_9
D:10:     layout_long_grid, hiddenorc1_lemuel, st_stairs_3
D:11:     layout_roguey, dpeg_oklobed_lair, bloody_trog
D:12:     layout_roguey, gammafunk_ghost_split, minmay_mirror_moons_of_madness
D:13:     layout_long_grid
Temple:   nicolae_temple_superstar
Lair:1:   layout_chaotic_city, minmay_lair_oklob_bushes, grunt_megastairs_1,
          infiniplex_staircase_pool_2
Lair:2:   layout_misc_corridors, minmay_snake_entry_spellcaster,
          gammafunk_ghost_ooze, uniq_urug, uniq_erica
Lair:3:   layout_loops_ring, elwin_shoals_entry_rooms, st_stairs_6
Lair:4:   layout_gridlike, tgw_fedhas
Lair:5:   grunt_lair_end_beastmaster, layout_regular_city,
          minmay_slime_entry_eyes, uniq_nessos
Snake:1:  layout_basic, grunt_ministairs_3
Snake:2:  layout_concentric_octagons, basic_altar, minmay_shop_star,
          uniq_vashnia

Skill      XL: |  1  2  3  4  5  6  7  8  9 10 11 12 13 14 |
---------------+-------------------------------------------+-----
Conjurations   | 2 3 4 5 7 9 10 12 14 15 16 | 16.9
Dodging        | 3 4 5 6 7 8 9 11 12 13 | 13.2
Fighting       | 1 2 3 4 5 6 7 8 9 |  9.2
Spellcasting   | 4 5 6 8 9 11 12 13 14 | 14.5
Fire Magic     | 4 5 6 7 8 9 10 11 12 | 12.5
Stealth        | |  2.4

Action                   |  1- 3 |  4- 6 |  7- 9 | 10-12 | 13-15 || total
-------------------------+-------+-------+-------+-------+-------++-------
Melee: Unarmed           |       |       |    12 |     4 |       ||    16
       Staff             |       |       |       |     1 |   141 ||   142
       Punch             |       |       |       |       |     6 ||     6
 Cast: Foxfire           |    52 |   146 |   318 |   117 |     3 ||   636
       Flame Wave        |       |     2 |     4 |     8 |     1 ||    15
       Scorch            |       |     1 |    10 |    21 |    13 ||    45
       Fireball          |       |       |     8 |   158 |   121 ||   287
       Starburst         |       |       |       |    29 |    60 ||    89
       Orb of Destructio |       |       |       |       |    18 ||    18
       Iskenderun's Batt |       |       |       |       |     1 ||     1
  Use: Scroll            |       |     4 |    11 |    13 |     4 ||    32
       Potion            |       |       |       |       |     1 ||     1
Armor: Robe              |     1 |    12 |    29 |       |       ||    42
       Steam dragon scal |       |       |     6 |    20 |    16 ||    42
Dodge: Dodged            |    10 |    56 |    52 |    75 |    51 ||   244
